 Dungeon Crawl Stone Soup version 0.19-GnollCrawlA-1-g03664ee (webtiles) character file.

2047 GravitySqueeze the Shield-Bearer (level 1, -1/18 HPs)
             Began as a Formicid Fighter on Mar 2, 2017.
             Was an Initiate of Gozag.
             Slain by a gnoll
             ... wielding a +2 whip of electrocution
              (18 damage)
             ... on level 5 of the Depths.
             The game lasted 00:21:36 (7904 turns).

GravitySqueeze the Shield-Bearer (Formicid Fighter) Turns: 7904, Time: 00:21:36

Health: -1/18      AC: 20    Str: 20    XL:     1   Next: 0%
Magic:  1/1        EV:  0    Int:  9    God:    Gozag
Gold:   695        SH: 11    Dex: 14    Spells: 0 memorised, 0 levels left

rFire  + + .     SeeInvis +     U - +5 falchion of Inquiry {elec, rN+}
rCold  + + +     Gourm    .     u - +1 crystal plate armour of Mezcal {+Inv rC+ rCorr}
rNeg   + + .     Faith    .     B - +2 shield of Resistance {rF+ rC+ MR+}
rPois  +         Spirit   .     (helmet unavailable)
rElec  .         Dismiss  .     c - +1 cloak
rCorr  +         Reflect  .     Q - +0 pair of gloves of the Shining One {rPois rC+ MR+ Dex+4}
SustAt .         Harm     .     (no boots)
MR     +++..                    i - amulet "Weateyqy" {MR+ Regen+}
Stlth  ..........               G - ring of protection from fire
                                t - ring "Nyxoabra" {rN+ Int+2}

@: gold aura
A: permanent stasis, dig shafts and tunnels, four strong arms, antennae 3
a: Dig, Shaft Self, Potion Petition, Call Merchant, Bribe Branch, Renounce
Religion, Evoke Invisibility


You were on level 5 of the Depths.
You worshipped Gozag.
Gozag was pleased with you.
You were not hungry.

You visited 2 branches of the dungeon, and saw 17 of its levels.
You also visited: Labyrinth.

You collected 3042 gold pieces.
You spent 746 gold pieces at shops.
You paid 1601 gold pieces to Gozag.

Inventory:

Hand Weapons
 U - the +5 falchion of Inquiry (weapon) {elec, rN+}
   (You bought it in a shop on level 3 of the Depths)

   Occasionally, upon striking a foe, it will discharge some electrical energy
   and cause terrible harm.
   It protects you from negative energy.
Armour
 c - a +1 cloak (worn)
 u - the +1 crystal plate armour of Mezcal (worn) {+Inv rC+ rCorr}
   (You found it in a labyrinth)

   It protects you from cold.
   It lets you turn invisible.
   It protects you from acid and corrosion.
 B - the +2 shield of Resistance (worn) {rF+ rC+ MR+}
   (You found it on level 14 of the Dungeon)

   It protects you from fire.
   It protects you from cold.
   It affects your resistance to hostile enchantments.
 Q - the +0 pair of gloves of the Shining One (worn) {rPois rC+ MR+ Dex+4}
   (You found it on level 5 of the Depths)

   It affects your dexterity (+4).
   It protects you from cold.
   It protects you from poison.
   It affects your resistance to hostile enchantments.
Rods
 o - a +6 rod of ignition (12/12)
   (You found it in a labyrinth)
Jewellery
 i - the amulet "Weateyqy" (around neck) {MR+ Regen+}
   (You found it on level 9 of the Dungeon)

   [amulet of regeneration]

   It affects your resistance to hostile enchantments.
   It increases your rate of regeneration.
 m - an uncursed ring of flight
 p - an uncursed ring of protection from cold
 q - a +4 ring of dexterity
 s - an uncursed amulet of regeneration {unknown}
 t - the ring "Nyxoabra" (left hand) {rN+ Int+2}
   (You found it in a labyrinth)

   [ring of positive energy]

   It affects your intelligence (+2).
   It protects you from negative energy.
 D - an uncursed ring of magical power
 G - a ring of protection from fire (right hand)
 N - a +5 ring of dexterity
 Y - an uncursed ring of resist corrosion {unknown}
Wands
 a - a wand of acid (8/15)
 b - a wand of lightning (1/15)
 e - a wand of iceblast (5/15)
 j - a wand of paralysis (2/24)
 k - a wand of lightning (0/15)
 l - a wand of flame (19/48)
 r - a wand of iceblast (5/15)
 w - a wand of polymorph (5/24)
 x - a wand of flame (15/48)
 C - a wand of slowing (30/48)
 O - a wand of teleportation (6/9)
 V - a wand of polymorph (12/24)
 W - a wand of iceblast (6/15)
Scrolls
 n - 3 scrolls of remove curse
 y - a scroll of immolation
 I - a scroll of enchant armour {unknown}
 M - 4 scrolls of identify
 T - a scroll of amnesia
Potions
 d - 3 potions of might
 E - a potion of magic
 H - a potion of cure mutation
 J - a potion of degeneration {unknown}
 K - a potion of mutation {unknown}
 L - a potion of lignification {unknown}
 X - a potion of invisibility {unknown}
Miscellaneous
 P - a lamp of fire
 R - a phial of floods
 S - a sack of spiders
Comestibles
 f - 3 bread rations
 g - 3 beef jerkies
 h - 12 meat rations
 z - 12 fruits
 A - 7 slices of pizza
 F - a royal jelly


   Skills:
 + Level 3.2 Fighting
 + Level 2.0 Long Blades
 + Level 3.2 Armour
 + Level 3.6 Shields


You couldn't memorise any spells.
You didn't know any spells.

Dungeon Overview and Level Annotations

Branches:
Dungeon (15/15)            Depths (5/5) D:15
 Temple: D:1-2         Lair: D:8-11         Orc: D:9-12      Vaults: D:13-14
    Zot: Depths:5

Altars:
Ashenzari
Gozag
Beogh

Shops:
D:14 [   Depths:1 =}=   Depths:3 (   Depths:4 **?

Portals:
Hell: Depths:1 Depths:3 Depths:4
Abyss: Depths:1 Depths:4
Pandemonium: Depths:3
Ziggurat: Depths:1

Annotations:
D:13 GravitySqueeze's ghost, weakling FoFi
D:14 1 runed door


Innate Abilities, Weirdness & Mutations

You are under a permanent stasis effect.
You can dig through walls and to a lower floor.
Your four strong arms can wield two-handed weapons with a shield.
You have a pair of large antennae on your head. (SInv)


Message History

No target in view!
No target in view!
No target in view!
No target in view!
A gnoll comes into view. It is wielding a whip of electrocution.
The gnoll shouts!
Found a potion of curing.
Things that are here:
9 gold pieces; a flail A gnoll is nearby!
A gnoll is nearby!
You block the gnoll's attack.
Your crystal plate armour of Mezcal prevents you from hitting the gnoll.
The gnoll hits you with a whip of electrocution.
You slash the gnoll!
The gnoll is severely wounded.
The gnoll hits you but does no damage.
You are electrocuted!
Ouch! That really hurt!
You die...
Your body crumbles into a pile of gold.

#........#
#........#
#........#
#........#
#.....)..######
####......$...###+#
#..............#
#..#.......#####
#......##@.#
#.####.##g.# #.
..##..# .......#
#.#####!# #. .# .#
##


You could see a gnoll.

Vanquished Creatures
  A gnoll sergeant (Lab)
  200 gnolls
201 creatures vanquished.

Notes
Turn   | Place    | Note
-------+----------+-------------------------------------------
     0 | D:1      | GravitySqueeze the Formicid Fighter began the quest for the Orb.
     0 | D:1      | Reached XP level 1. HP: 18/18 MP: 1/1
     3 | D:1      | You fall through a shaft!
     6 | D:2      | You fall through a shaft for 2 floors!
     9 | D:4      | You fall through a shaft!
     9 | D:5      | Entered Level 5 of the Dungeon
    12 | D:5      | You fall through a shaft!
    15 | D:6      | You fall through a shaft for 2 floors!
    18 | D:8      | You fall through a shaft!
   210 | D:9      | Found a shattered altar of Ashenzari.
   247 | D:9      | Got a transparent garnet amulet
   250 | D:9      | You fall through a shaft for 2 floors!
   251 | D:11     | Identified the amulet "Weateyqy" {MR+ Regen+} (You found it on level 9 of the Dungeon)
   331 | D:11     | You fall through a shaft!
   641 | D:12     | Found a labyrinth entrance.
   650 | Lab      | Entered a labyrinth
   918 | Lab      | Noticed a gnoll sergeant
   933 | Lab      | Killed a gnoll sergeant
   935 | Lab      | Identified the Catalogue of the Quantum Volcanoes
   936 | Lab      | Got a translucent marble ring
   937 | Lab      | Got a spiked crystal plate armour
   948 | Lab      | Identified the +1 crystal plate armour of Mezcal {+Inv rC+ rCorr} (You found it in a labyrinth)
   949 | Lab      | Identified a +4 rod of ignition (10/10) (You found it in a labyrinth)
   950 | Lab      | Identified the ring "Nyxoabra" {rN+ Int+2} (You found it in a labyrinth)
  1624 | D:13     | Noticed GravitySqueeze's ghost (weakling FoFi)
  2043 | D:14     | Found a runed door.
  2050 | D:14     | Found a runed door.
  2078 | D:14     | Found Pinok's Antique Armour Emporium.
  2100 | D:14     | Bought a glowing cloak for 135 gold pieces
  2413 | D:15     | Entered Level 15 of the Dungeon
  3170 | D:15     | Found a staircase to the Depths.
  3297 | Depths:1 | Entered Level 1 of the Depths
  3422 | Depths:1 | Found a gateway to a ziggurat.
  4021 | Depths:1 | Found a gateway to Hell.
  4049 | Depths:1 | Found a runed door.
  4053 | Depths:1 | Found Aleigi's Jewellery Shop.
  4053 | Depths:1 | Found Tialoal's Gadget Shoppe.
  4054 | Depths:1 | Found Guassume's Jewellery Shop.
  4112 | Depths:1 | Found a one-way gate to the infinite horrors of the Abyss.
  4153 | Depths:1 | Found a roughly hewn altar of Beogh.
  4504 | Depths:2 | You fall through a shaft!
  5013 | Depths:3 | Found an opulent altar of Gozag.
  5404 | Depths:3 | Found a one-way gate leading to the halls of Pandemonium.
  6465 | Depths:3 | Became a worshipper of Gozag Ym Sagoz the Greedy
  6468 | Depths:3 | Bought the +5 falchion of Inquiry {elec, rN+} for 611 gold pieces
  6754 | Depths:4 | Found Fezusisa's General Store.
  6758 | Depths:4 | Found Miug's General Store.
  6759 | Depths:4 | Found Cim Viun's Magic Scroll Boutique.
  7399 | Depths:4 | Identified Sif Muna's Guide on Stolen Souls and the Glacier
  7792 | Depths:5 | Entered Level 5 of the Depths
  7858 | Depths:5 | Got a pair of distressingly furry gloves
  7869 | Depths:5 | Identified the +0 pair of gloves of the Shining One {rPois rC+ MR+ Dex+4} (You found it on level 5 of the Depths)
  7904 | Depths:5 | Slain by a gnoll

Action                   || total
-------------------------++-------
Melee: Long sword        ||   949
       Falchion          ||   254
Invok: Call Merchant     ||     1
 Abil: Shaft Self        ||     9
Evoke: Wand              ||    10
       Rod               ||     1
  Use: Scroll            ||    18
       Potion            ||     4
 Stab: Paralysed         ||    18
Armor: Crystal plate arm ||   921
       Scale mail        ||     6
       Chain mail        ||     2
Dodge: Dodged            ||    25
Block: Shield            ||   844
